cohdb
Replays
Latest Replays
All Replays
Popular Replays
Top Player Replays
Match Explorer
How It Works
Community
CoH3 Stats
Reddit
Sign in to upload your games and track your stats! →
Sign in with Steam
Match 41204371
Unlisted
Match 41204371
Overview
Messages
Build Orders
End
Pioneer Squad
Construct Infanterie Kompanie
MG 42 Machine Gun Team
Grenadier Squad
Grenadier Squad
Construct Luftwaffe Kompanie
221 Scout Car
Selects Luftwaffe Battlegroup
Selects Stuka Strafing Run
Selects Fallschirmjäger Squad Paradrop
Fallschirmjäger Squad Paradrop
Pioneer Squad
Fallschirmjäger Squad Paradrop
Construct Panzergrenadier Kompanie
Stuka Strafing Run
Nubbl0r
MozG64
0
0
Comments
sign in to comment!
No comments posted yet!